 Dungeon Sprint DCSS version 0.17-a0-1508-ge7f3dc3 (webtiles) character file.

3108 Kidiri the Unseen (level 9, -2/39 HPs)
             Began as a Spriggan Enchanter on July 10, 2015.
             Was a Believer of Dithmenos.
             Killed by an exploding giant spore (32 damage)
             ... in the Dungeon (Sprint I: "Red Sonja").
             The game lasted 00:04:55 (646 turns).

Kidiri the Unseen (Spriggan Enchanter)               Turns: 646, Time: 00:04:56

Health: -2/39      AC:  4    Str:  4    XL:     9   Next: 60%
Magic:  26/26      EV: 27    Int: 18    God:    Dithmenos [**....]
Gold:   559        SH:  0    Dex: 18    Spells: 5 memorised, 20 levels left

rFire  . . .     SeeInvis +     a - +1 dagger
rCold  . . .     Clarity  .     p - +2 robe {MR+}
rNeg   . . .     SustAt   .     (shield restricted)
rPois  .         Gourm    .     (helmet restricted)
rElec  .         Spirit   .     (no cloak)
rCorr  .         Warding  .     (gloves unavailable)
rMut   .         NoTele   +     (boots unavailable)
MR     ++...                    (no amulet)
Stlth  ++........               (no ring)
                                b - ring of loudness (curse)

@: confused, wreathed by umbra, very quick, very resistant to hostile
enchantments, unstealthy
A: unfitting armour, see invisible, herbivore 3, speed 3, slow metabolism 2
a: Shadow Step, Renounce Religion


You were in the Dungeon.
You worshipped Dithmenos.
Dithmenos was pleased with you.
You were not hungry.

You visited 1 branch You collected 753 gold pieces.
You spent 194 gold pieces at shops.

Inventory:

Hand weapons
 a - a +1 dagger (weapon)
 k - a +0 dagger
 o - a +0 blowgun
 q - a +0 shortbow
Missiles
 n - 12 curare-tipped needles
 r - 15 poisoned arrows
 s - 2 arrows
Armour
 p - a +2 robe of magic resistance (worn)
Jewellery
 b - a cursed ring of loudness (left hand)
Scrolls
 j - 2 scrolls of blinking
Potions
 e - a potion of curing
 f - a potion of heal wounds
 g - a potion of haste
 h - 2 potions of magic
 i - a potion of berserk rage
 l - a potion of ambrosia {unknown}
 m - a potion of degeneration
Books
 c - a book of Maledictions

   Spells                             Type                      Level
   a - Corona                         Hexes                        1
   b - Ensorcelled Hibernation        Hexes/Ice                    2
   c - Confuse                        Hexes                        3
   d - Tukima's Dance                 Hexes                        3
   e - Dazzling Spray                 Conjuration/Hexes            3
Comestibles
 d - 2 bread rations


   Skills:
 + Level 8.1 Short Blades
 + Level 5.4 Throwing
 + Level 10.7 Dodging
 * Level 15.6 Stealth
 * Level 12.0 Spellcasting
 + Level 4.7 Conjurations
 + Level 9.5 Hexes
 + Level 5.6 Ice Magic
 + Level 5.0 Invocations


You had 20 spell levels left.
You knew the following spells:

 Your Spells              Type           Power        Failure   Level  Hunger
a - Corona                Hex            #####..      1%          1    None
b - Ensorcelled Hibernat  Hex/Ice        #####.       1%          2    None
c - Confuse               Hex            #####...     1%          3    None
d - Tukima's Dance        Hex            #####...     1%          3    None
e - Dazzling Spray        Conj/Hex       #####...     1%          3    None


Dungeon Overview and Level Annotations

Branches:
Dungeon (1/1)

Altars:
Cheibriados
Dithmenos
Elyvilon
Fedhas
Gozag
Kikubaaqudgha
Makhleb
Nemelex Xobeh
Okawaru
Qazlal
Ru
Sif Muna
Trog
Vehumet
Xom
Yredelemnul
Zin
The Shining One
Jiyva

Shops:
D [=[


Innate Abilities, Weirdness & Mutations

You are tiny and cannot use many weapons and most armour.
You have supernaturally acute eyesight.
You are a herbivore.
You cover ground extremely quickly.
You need consume almost no food.


Message History

You hit the active ballistomycete.
You destroy the active ballistomycete!
There is an open door here.
There is an open door here.
r - 15 poisoned arrows (gained 1)
There is an open door, covered with mould here.
There is a deep blue altar of Sif Muna here.
You open the door.
There is an open door here.
You see here a short sword of distortion.
You hit the ballistomycete.
The ballistomycete is almost destroyed.
You hit the ballistomycete but do no damage.
The ballistomycete is almost destroyed.
The giant spore explodes!
The explosion of spores engulfs the ballistomycete.
A fungus suddenly grows.
The explosion of spores engulfs you!
You are confused.
Ouch! That really hurt!
You die...

#..#__####..##.#≈§§.§#..#
#.)#_..__##+#..+§§§§§+§§#
#⌠⌠#_.∩...+..._#§§§§§#§§#
####_..._##_.#'##+#####+#
#_____###'#.#....###
############.####+###.##
#∩^.......'...+..%..+.∩#
###++++####.).##########
##@## #P# !$!


$[P!$ ####### There were no monsters in sight!

Vanquished Creatures
  2 centaur warriors (D)
  Sonja (D)
  A deep troll (D)
  A slime creature (D)
  Sigmund (D)
  A yak (D)
  An ogre (D)
  A wasp (D)
  A jelly (D)
  Ijyb (D)
  A ballistomycete (D)
  A giant spore (D)
13 creatures vanquished.

Notes
Turn   | Place    | Note
--------------------------------------------------------------
     0 | D        | Kidiri the Spriggan Enchanter began the quest for the Orb.
     0 | D        | Reached XP level 1. HP: 9/9 MP: 5/5
     2 | D        | Noticed Ijyb
     8 | D        | Killed Ijyb
     8 | D        | Reached skill level 7 in Stealth
     8 | D        | Reached XP level 2. HP: 13/13 MP: 4/7
    12 | D        | Learned a level 2 spell: Ensorcelled Hibernation
    40 | D        | Noticed an ogre
    54 | D        | Killed an ogre
    54 | D        | Reached skill level 5 in Dodging
    54 | D        | Reached skill level 9 in Stealth
    54 | D        | Reached skill level 5 in Spellcasting
    54 | D        | Reached skill level 5 in Hexes
    54 | D        | Reached skill level 1 in Ice Magic
    54 | D        | Reached XP level 3. HP: 16/16 MP: 0/11
    54 | D        | Reached XP level 4. HP: 21/21 MP: 0/12
   157 | D        | Learned a level 3 spell: Confuse
   161 | D        | Learned a level 3 spell: Tukima's Dance
   165 | D        | Learned a level 3 spell: Dazzling Spray
   165 | D        | Noticed Sigmund
   170 | D        | Killed Sigmund
   170 | D        | Reached skill level 10 in Stealth
   170 | D        | Reached skill level 1 in Conjurations
   170 | D        | Reached XP level 5. HP: 24/24 MP: 11/16
   170 | D        | Reached XP level 6. HP: 28/28 MP: 11/17
   312 | D        | Found a snail-covered altar of Cheibriados.
   312 | D        | Found a viscous altar of Jiyva.
   312 | D        | Found a shadowy altar of Dithmenos.
   312 | D        | Found a blossoming altar of Fedhas.
   312 | D        | Noticed a slime creature
   315 | D        | Killed a slime creature
   315 | D        | Reached skill level 5 in Short Blades
   315 | D        | Reached skill level 11 in Stealth
   318 | D        | Became a worshipper of Dithmenos the Shadowed
   338 | D        | Found a deep blue altar of Sif Muna.
   338 | D        | Noticed a jelly
   340 | D        | Found a radiant altar of Vehumet.
   344 | D        | Killed a jelly
   386 | D        | Found Xyjiqem's Jewellery Emporium.
   386 | D        | Found a white marble altar of Elyvilon.
   386 | D        | Found a stormy altar of Qazlal.
   386 | D        | Found a burning altar of Makhleb.
   386 | D        | Found a sacrificial altar of Ru.
   386 | D        | Found a basalt altar of Yredelemnul.
   386 | D        | Found a glowing golden altar of the Shining One.
   386 | D        | Found a sparkling altar of Nemelex Xobeh.
   386 | D        | Found a shimmering altar of Xom.
   386 | D        | Found an opulent altar of Gozag.
   386 | D        | Found an ancient bone altar of Kikubaaqudgha.
   386 | D        | Found a glowing silver altar of Zin.
   386 | D        | Noticed a yak
   387 | D        | Found an iron altar of Okawaru.
   388 | D        | Killed a yak
   388 | D        | Reached skill level 1 in Throwing
   388 | D        | Reached skill level 12 in Stealth
   388 | D        | Reached skill level 1 in Invocations
   388 | D        | Reached XP level 7. HP: 32/32 MP: 18/20
   389 | D        | Found a bloodstained altar of Trog.
   398 | D        | Noticed Sonja
   402 | D        | Killed Sonja
   402 | D        | Reached skill level 13 in Stealth
   402 | D        | Reached skill level 10 in Spellcasting
   402 | D        | Reached XP level 8. HP: 36/36 MP: 20/23
   419 | D        | Found Voezohopn's Armour Boutique.
   427 | D        | Bought a +2 robe of magic resistance for 194 gold pieces
   452 | D        | Noticed a deep troll
   456 | D        | Killed a deep troll
   456 | D        | Reached skill level 14 in Stealth
   469 | D        | Found Pekhlirri's Armour Emporium.
   498 | D        | Noticed a centaur warrior
   498 | D        | Noticed a centaur warrior
   506 | D        | Killed a centaur warrior
   506 | D        | Reached skill level 10 in Dodging
   506 | D        | Reached skill level 15 in Stealth
   506 | D        | Reached skill level 5 in Ice Magic
   506 | D        | Reached XP level 9. HP: 39/39 MP: 11/25
   508 | D        | Killed a centaur warrior
   508 | D        | Acquired Dithmenos's first power
   508 | D        | Reached skill level 5 in Throwing
   508 | D        | Reached skill level 5 in Invocations
   521 | D        | Noticed a wasp
   524 | D        | Killed a wasp
   646 | D        | Killed by an exploding giant spore

Vault maps used:
D:        dungeon_sprint_1

Action                   |  1- 3 |  4- 6 |  7- 9 || total
-------------------------+-------+-------+-------++-------
Melee: Dagger            |     4 |     5 |    19 ||    28
 Fire: Shortbow          |       |       |     2 ||     2
 Cast: Corona            |     1 |       |       ||     1
       Ensorcelled Hiber |     2 |     2 |     2 ||     6
       Dazzling Spray    |       |       |     2 ||     2
       Confuse           |       |       |     1 ||     1
  Use: Scroll            |       |       |     1 ||     1
 Stab: Sleeping          |     2 |     4 |     3 ||     9
       Confused          |       |       |     2 ||     2
       Invisible         |       |       |     1 ||     1
